 Dungeon Crawl Stone Soup version 0.31-a0-152-g6aa68a64a1 (webtiles) character file.

Game seed: 3115997701790489855

2133 qw the Cleaver (level 9, 0/55 HPs)
             Began as a Gargoyle Fighter on June 10, 2023.
             Was a Follower of Okawaru.
             Killed from afar by an orc wizard (9 damage)
             ... with a puff of flame
             ... on level 7 of the Dungeon.
             The game lasted 00:02:29 (4832 turns).

qw the Cleaver (Gargoyle Fighter)                   Turns: 4832, Time: 00:02:29

Health: 0/55       AC: 22    Str: 23    XL:     9   Next: 30%
Magic:  11/12      EV: 10    Int: 10    God:    Okawaru [*.....]
Gold:   280        SH: 10    Dex:  9    Spells: 8/8 levels left

rFire   . . .        Y - +2 war axe
rCold   + . .        c - +0 buckler
rNeg    + . .        o - +0 chain mail
rPois   inf          b - +0 helmet
rElec   +            m - +2 cloak
rCorr   .            (no gloves)
SInv    .            (no boots)
Will    .....        h - amulet of reflection Stlth
                     k - ring of protection from cold
HPRegen 0.29/turn    (no ring)
MPRegen 0.13/turn

%: reflection
@: about to teleport, heroic
A: sickness immunity, AC +6, negative energy resistance 1, electricity
resistance, torment resistance 1, petrification resistance
a: Renounce Religion, Heroism


You were on level 7 of the Dungeon.
You worshipped Okawaru.
Okawaru was aware of your devotion.
You visited 1 branch of the dungeon, and saw 7 of its levels.

You collected 280 gold pieces.


Innate Abilities, Weirdness & Mutations

You are immune to sickness and miasma.
Your stone body is resilient. (AC +6)
You are immune to poison.
You resist negative energy. (rN+)
You are resistant to electric shocks. (rElec)
You are resistant to unholy torment.
You are immune to petrification.


   Skills:
 - Level 6.0(11.0) Fighting
 + Level 8.8(13.8) Axes
 - Level 2.1(7.1) Throwing
 - Level 4.0(9.0) Armour
 - Level 1.5(6.5) Dodging
 - Level 3.2(8.2) Shields
 - Level 4.2 Invocations


You had 8 spell levels left.
You didn't know any spells.
Your spell library was empty.

Inventory:

Hand Weapons
 a - a +1 heavy flail
 Y - a +2 war axe (weapon)
Missiles
 e - 2 silver boomerangs
 j - 5 javelins
Armour
 b - a +0 helmet (worn)
 c - a +0 buckler (worn)
 m - a +2 cloak (worn)
 o - a +0 chain mail (worn)
Jewellery
 h - an amulet of reflection (around neck)
 k - a ring of protection from cold (left hand)
Scrolls
 i - a scroll of identify
Potions
 d - 2 potions of might
 g - 2 potions of haste
 l - a potion of curing
 p - a potion of cancellation
 q - a potion of attraction
 s - a potion of degeneration {unknown}

Dungeon Overview and Level Annotations

Branches:
Dungeon (7/15)             Temple (0/1) D:6

Altars:
Okawaru
Qazlal

Shops:
D:6 (

Annotations:
D:3 1 runed translucent door, Crazy Yiuf
D:7 Joseph


Message History

The sling bullet hits you but does no damage.
You slash the orc!
You kill the orc!
Okawaru accepts your kill.
Joseph shoots a sling bullet.
The sling bullet hits you!
You hear some strange, mumbled words.
A magic dart appears from out of thin air!
Deactivating autopickup; reactivate with Ctrl-A.
The magic dart hits you but does no damage.
An orc wizard comes into view. It is wielding a +0 dagger.
Items here: % ( ))) [.
The orc wizard shouts!
You slash the orc!
You kill the orc!
You closely miss something. Something hits you but does no damage.
You slash the orc!
You kill the orc!
Okawaru accepts your kill.
You hit something but do no damage.
Joseph shoots a sling bullet.
The sling bullet hits you. The sling bullet freezes you.
4829 ||| READING scroll of teleportation.
As you read the scroll of teleportation, it crumbles to dust.
You feel strangely unstable. Something hits you but does no damage.
The orc wizard gestures wildly while chanting.
The orc wizard flickers and vanishes!
You hit something but do no damage. Something hits you but does no damage.
You block the orc's attack.
You closely miss the shadow imp. You barely miss something.
You hear some strange, mumbled words.
Something tries to affect you, but you resist.
The shadow imp hits you but does no damage.
You block the orc's attack.
You closely miss the shadow imp. You completely miss the orc.
You hit something.
You hear some strange, mumbled words.
A puff of flame appears from out of thin air!
The puff of flame hits you!
You die...

.. ... #.# ... #.. ....
.. ..... .# #
.....####.##....
..........$..#
......).####.#
##...o)@{....##.
...#..o)5@..## .# ##
............... ....
.............o..#5#.
....................
.............$.....F
.............###...{####
......#####.......5).@..
####..o###.


You could see Joseph, a shadow imp and 3 orcs.

Vanquished Creatures
  4 yaks (D:6)
  A sky beast (D:6)
  An ice beast (D:6)
  A black bear (D:5)
  2 ogres
  A centaur (D:6)
  A phantom (D:4)
  A kobold brigand (D:7)
  A bullfrog (D:7)
  3 scorpions
  A jelly (D:5)
  2 hounds
  2 gnoll boudas (D:5)
  3 orc priests
  2 sleepcaps
  3 orc wizards
  2 adders (D:2)
  12 gnolls
  5 shadow imps
  2 white imps (D:6)
  2 dart slugs
  14 orcs
  7 ball pythons
  6 bats
  6 endoplasms
  5 giant cockroaches
  4 goblins
  5 hobgoblins
  8 jackals (D:1)
  10 kobolds
  3 quokkas
  5 rats
125 creatures vanquished.

Notes
Turn   | Place    | Note
-------+----------+-------------------------------------------
     0 | D:1      | qw the Gargoyle Fighter began the quest for the Orb.
     0 | D:1      | Reached XP level 1. HP: 14/14 MP: 1/1
     0 | D:1      | 0 ||| qw: Version: 0.2-a-29-g0080da8
     0 | D:1      | 0 ||| qw: Game counter: 3844
     0 | D:1      | 0 ||| qw: Always use a shield: true
     0 | D:1      | 0 ||| qw: God list: Okawaru
     0 | D:1      | 0 ||| qw: Allow faded altars: false
     0 | D:1      | 0 ||| qw: Do Orc after D:15 true
     0 | D:1      | 0 ||| qw: Do second Lair branch before Depths: true
     0 | D:1      | 0 ||| qw: Lair rune preference: random
     0 | D:1      | 0 ||| qw: Plans: Normal, Zot:1-4, Slime:5, God:TSO, Crypt,
                  | Tomb, Abyss, Pan, Hells, Win
     0 | D:1      | 0 ||| PLANNING D:1-11
    27 | D:1      | 27 ||| Stepping ~*~*~tactically~*~*~ (hiding).
    34 | D:1      | Reached skill level 2 in Axes
   149 | D:1      | Reached XP level 2. HP: 19/19 MP: 2/2
   342 | D:1      | Reached skill level 3 in Axes
   417 | D:1      | 417 ||| Stepping ~*~*~tactically~*~*~ (stealth).
   419 | D:1      | 419 ||| Stepping ~*~*~tactically~*~*~ (stealth).
   421 | D:1      | Reached XP level 3. HP: 23/23 MP: 3/3
   551 | D:1      | Reached skill level 1 in Throwing
   840 | D:1      | 840 ||| UPGRADING to amulet of regeneration.
   845 | D:1      | 845 ||| READING scroll labelled CUDIAD IF TUN.
   846 | D:1      | 846 ||| READING scroll labelled KIUPYKI LASI.
   847 | D:1      | 847 ||| READING scroll labelled QIMYURINUO.
   848 | D:1      | 848 ||| DRINKING 2 dark potions.
   849 | D:1      | 849 ||| DRINKING 2 fizzy purple potions.
   850 | D:1      | 850 ||| DROPPING potion of enlightenment.
   851 | D:1      | 851 ||| DROPPING potion of brilliance.
   940 | D:2      | Found an iron altar of Okawaru.
   941 | D:2      | 941 ||| PLANNING OKAWARU WORSHIP
   946 | D:2      | Became a worshipper of Warmaster Okawaru
   946 | D:2      | 946 ||| PLANNING D:1-11
  1194 | D:2      | Reached XP level 4. HP: 28/28 MP: 4/4
  1625 | D:2      | 1625 ||| UPGRADING to +2 cloak.
  1630 | D:2      | 1630 ||| UPGRADING to +0 chain mail.
  1640 | D:2      | 1640 ||| DROPPING +0 scale mail.
  1641 | D:2      | 1641 ||| UPGRADING to ring of protection from cold.
  1642 | D:2      | 1642 ||| READING scroll labelled XODORGHUQ VUOCW.
  1643 | D:2      | 1643 ||| READING scroll labelled WOTTOUMEWU.
  1647 | D:2      | 1647 ||| READING scroll labelled CULIWOLL BAVO.
  1648 | D:2      | 1648 ||| READING scroll labelled IKEWIO TEAMAU.
  1881 | D:3      | HP: 6/28 [gnoll/+0 halberd (11)]
  1882 | D:3      | Reached skill level 4 in Axes
  1883 | D:3      | HP: 1/28 [gnoll/+0 halberd (7)]
  1929 | D:3      | 1929 ||| DROPPING +0 mace.
  1968 | D:3      | Found a runed translucent door.
  1969 | D:3      | Noticed Crazy Yiuf
  2033 | D:3      | 2033 ||| Stepping ~*~*~tactically~*~*~ (stealth).
  2173 | D:3      | 2173 ||| Stepping ~*~*~tactically~*~*~ (hiding).
  2185 | D:3      | Reached XP level 5. HP: 32/32 MP: 5/5
  2494 | D:3      | 2494 ||| READING scroll labelled PISMIGAOSK.
  2595 | D:3      | 2595 ||| READING scroll labelled BAPSEU YNIKHLAH.
  2596 | D:3      | 2596 ||| READING scroll labelled DIAN SIKIADGH.
  2597 | D:3      | 2597 ||| DRINKING 2 sapphire potions.
  2598 | D:3      | 2598 ||| READING 2 scrolls of identify.
  2598 | D:3      | 2598 ||| IDENTIFYING bubbling white potion
  2599 | D:3      | 2599 ||| DROPPING potion of invisibility.
  2648 | D:4      | 2648 ||| Stepping ~*~*~tactically~*~*~ (stealth).
  2651 | D:4      | 2651 ||| Stepping ~*~*~tactically~*~*~ (stealth).
  2659 | D:4      | 2659 ||| DROPPING +0 flail.
  2752 | D:4      | 2752 ||| Stepping ~*~*~tactically~*~*~ (hiding).
  2881 | D:4      | Reached skill level 5 in Axes
  2919 | D:4      | Noticed a phantom
  2920 | D:4      | 2920 ||| Stepping ~*~*~tactically~*~*~ (stealth).
  2933 | D:4      | Killed a phantom
  2934 | D:4      | Reached XP level 6. HP: 39/39 MP: 6/6
  3385 | D:4      | 3385 ||| UPGRADING to +0 helmet.
  3390 | D:4      | 3390 ||| READING scroll labelled DUCANAR EBAU.
  3391 | D:4      | 3391 ||| DRINKING 2 blue potions.
  3417 | D:5      | Entered Level 5 of the Dungeon
  3486 | D:5      | 3486 ||| Stepping ~*~*~tactically~*~*~ (hiding).
  3488 | D:5      | 3488 ||| Stepping ~*~*~tactically~*~*~ (hiding).
  3512 | D:5      | 3512 ||| Stepping ~*~*~tactically~*~*~ (hiding).
  3513 | D:5      | 3513 ||| Stepping ~*~*~tactically~*~*~ (hiding).
  3520 | D:5      | Reached XP level 7. HP: 34/44 MP: 7/7
  3523 | D:5      | Reached skill level 6 in Axes
  3563 | D:5      | 3563 ||| Stepping ~*~*~tactically~*~*~ (stealth).
  3573 | D:5      | Reached skill level 1 in Dodging
  3667 | D:5      | 3667 ||| Stepping ~*~*~tactically~*~*~ (stealth).
  3697 | D:5      | 3697 ||| Stepping ~*~*~tactically~*~*~ (hiding).
  3726 | D:5      | Reached * piety under Okawaru
  3727 | D:5      | 3727 ||| INVOKING Heroism.
  3900 | D:5      | Found a stormy altar of Qazlal.
  3971 | D:5      | Reached skill level 7 in Axes
  4008 | D:5      | 4008 ||| UPGRADING to amulet of reflection.
  4018 | D:5      | 4018 ||| DROPPING amulet of regeneration.
  4019 | D:5      | 4019 ||| DRINKING 2 yellow potions.
  4020 | D:5      | 4020 ||| READING 2 scrolls of identify.
  4020 | D:5      | 4020 ||| IDENTIFYING bubbling sapphire potion
  4021 | D:5      | 4021 ||| DROPPING potion of ambrosia.
  4052 | D:6      | Reached XP level 8. HP: 46/49 MP: 8/8
  4054 | D:6      | 4054 ||| INVOKING Heroism.
  4072 | D:6      | 4072 ||| STAIRDANCE
  4107 | D:6      | Noticed a yak
  4108 | D:6      | Noticed a yak
  4109 | D:6      | 4109 ||| Stepping ~*~*~tactically~*~*~ (stealth).
  4117 | D:6      | Noticed a yak
  4119 | D:6      | Noticed a yak
  4121 | D:6      | Killed a yak
  4122 | D:6      | 4122 ||| INVOKING Heroism.
  4130 | D:6      | Killed a yak
  4131 | D:6      | Reached skill level 8 in Axes
  4132 | D:6      | Killed a yak
  4133 | D:6      | Reached skill level 1 in Invocations
  4134 | D:6      | 4134 ||| INVOKING Heroism.
  4135 | D:6      | HP: 6/49 [yak (8)]
  4136 | D:6      | 4136 ||| READING 3 scrolls of teleportation.
  4137 | D:6      | Killed a yak
  4300 | D:6      | 4300 ||| Stepping ~*~*~tactically~*~*~ (hiding).
  4307 | D:6      | 4307 ||| INVOKING Heroism.
  4314 | D:6      | Reached skill level 3 in Invocations
  4320 | D:6      | Reached skill level 6 in Fighting
  4320 | D:6      | Reached XP level 9. HP: 41/55 MP: 9/11
  4323 | D:6      | 4323 ||| INVOKING Heroism.
  4432 | D:6      | Found Deofinwo's Weapon Shoppe.
  4443 | D:6      | 4443 ||| SHOPLISTING +10 morningstar of Zatsaek {flame, Fly
                  | rPois} (846 gold, have 280).
  4598 | D:6      | 4598 ||| READING scroll of enchant weapon.
  4598 | D:6      | 4598 ||| ENCHANTING +1 war axe.
  4648 | D:6      | Found a staircase to the Ecumenical Temple.
  4776 | D:6      | 4776 ||| READING scroll labelled QEBUUPIN AZAIPT.
  4777 | D:6      | 4777 ||| READING scroll labelled MYRGHO ADEFETOU.
  4778 | D:6      | 4778 ||| DRINKING 2 green potions.
  4779 | D:6      | 4779 ||| DRINKING 2 black potions.
  4794 | D:7      | Noticed Joseph
  4795 | D:7      | 4795 ||| Stepping ~*~*~tactically~*~*~ (hiding).
  4796 | D:7      | 4796 ||| INVOKING Heroism.
  4801 | D:7      | HP: 6/55 [orc priest/divine providence (11)]
  4802 | D:7      | 4802 ||| READING 2 scrolls of teleportation.
  4803 | D:7      | 4803 ||| DRINKING potion of heal wounds.
  4816 | D:7      | 4816 ||| INVOKING Heroism.
  4828 | D:7      | HP: 10/55 [Joseph/sling bullet (5)]
  4829 | D:7      | 4829 ||| READING scroll of teleportation.
  4832 | D:7      | Killed from afar by an orc wizard

Levels and vault maps discovered:
D:1:      heliophobic_arrival_enchanted_forest, layout_basic
D:2:      layout_basic, basic_altar, minivault_4
D:3:      minmay_spotlight, layout_basic, uniq_crazy_yiuf_cottage
D:4:      nicolae_BIG_FREAKIN_CUBE, layout_loops_cross
D:5:      layout_rooms, nicolae_qazlal_general_emergency, nicolae_the_louvre
D:6:      layout_cave_pools, minmay_temple_entry_fiery, serial_shops, shop,
          serial_demonic, serial_demonic_f, serial_demonic_e, serial_demonic_g,
          serial_demonic_d
D:7:      layout_rooms, uniq_joseph

Skill      XL: |  1  2  3  4  5  6  7  8  9 |
---------------+----------------------------+-----
Axes           | 2 3 4 5 7 8 |  8.8
Throwing       | 1 2 |  2.1
Fighting       | 4 5 6 |  6.0
Dodging        | 1 |  1.5
Armour         | 4 |  4.0
Invocations    | 3 4 |  4.2
Shields        | |  3.2

Action                     |  1- 3 |  4- 6 |  7- 9 || total
---------------------------+-------+-------+-------++-------
  Melee: War axe           |   109 |   136 |   148 ||   393
 Invoke: Heroism           |       |       |     8 ||     8
    Use: Scroll            |     3 |     9 |     7 ||    19
         Potion            |     2 |     2 |     4 ||     8
 Armour: Scale mail        |    65 |    20 |       ||    85
         Chain mail        |       |    55 |    83 ||   138
  Dodge: Dodged            |    43 |    42 |    56 ||   141
  Block: Buckler           |    23 |    28 |    66 ||   117
         Reflection        |       |       |     3 ||     3

Table legend:
 A = Non-vault XP
 B = Vault XP
 C = Vault XP percentage of total XP
 D = Non-vault monster count
 E = Vault monster count
 F = Vault count percentage of total count
                 A         B        C        D         E       F
            +---------+---------+-------+---------+---------+-------
      Total |    2996 |      52 |   1.7 |     115 |      10 |   8.0
            +---------+---------+-------+---------+---------+-------
        D:1 |      59 |       0 |   0.0 |      31 |       0 |   0.0
        D:2 |      43 |       0 |   0.0 |      10 |       0 |   0.0
        D:3 |      54 |       9 |  14.3 |       9 |       6 |  40.0
        D:4 |     238 |       0 |   0.0 |      16 |       0 |   0.0
        D:5 |     694 |       0 |   0.0 |      21 |       0 |   0.0
        D:6 |    1612 |      43 |   2.6 |      14 |       4 |  22.2
        D:7 |     296 |       0 |   0.0 |      14 |       0 |   0.0
            +---------+---------+-------+---------+---------+-------
